Map: Magannatha LE

Players

Schady

  • Race: Terran Terran
  • Spawn Location: 11:00

Lampshade - Winner!

  • Race: Protoss Protoss
  • League: Platinum
  • Spawn Location: 5:00

VOD

Have the link to the VOD?

Description

Time

  • Played on: Sept. 14, 2025, 7:11 p.m.
  • Length: 8:18
Show
View Real Time Build Order
Export as new Build Order

Schady Terran 

Build Orders:  

Get SALT Encoding   

  12  0:03  SCV  
  13  0:17  SCV  
  14  0:25  Supply Depot  
  14  0:33  SCV  
  15  0:41  Refinery  
  15  0:46  SCV  
  16  0:52  Barracks  
  17  1:15  SCV  
  17  1:30  SCV  
  18  1:42  Barracks Reactor  
  18  1:44  Orbital Command  
  18  1:54  Command Center  
  18  2:21  Supply Depot  
  18  2:31  SCV, Factory  
  19  2:42  Refinery  
  19  2:43  SCV  
  20  2:44  Marine x2  
  22  3:02  Marine x2  
  24  3:18  Orbital Command  
  24  3:44  Marine x2  
  24  4:10  SCV  
  24  4:12  Bunker  
  25  4:22  Factory Tech Lab, Starport, SCV  
  26  4:27  Marine  
  26  4:28  Marine  
  28  4:34  SCV  
  29  4:45  Marine x2  
  29  4:46  SCV  
  29  4:47  Supply Depot  
  32  4:59  SCV  
  33  5:02  SCV  
  34  5:07  Starport Reactor  
  34  5:09  Siege Tank  
  34  5:11  Supply Depot, SCV  
  38  5:14  SCV  
  39  5:26  SCV  
  40  5:36  Supply Depot  
  40  5:38  SCV  
  41  6:07  Medivac x2  
  45  6:16  SCV x2  
  47  6:23  Supply Depot  
  47  6:24  Refinery  
  47  6:27  Refinery  
  46  6:45  Supply Depot  
  46  6:48  Barracks x2  
  46  6:49  Barracks  
  46  6:54  Barracks  
  46  6:56  Siege Tank  
  49  7:02  SCV x2  
  49  7:08  Supply Depot  
  43  7:16  Marine x2  
  33  7:34  Marine x2  
  33  7:48  Marine x3  
  33  7:49  Marine  
  37  7:51  Marine  
  37  7:52  Marine  
Show
View Real Time Build Order
Export as new Build Order

Lampshade Protoss - Winner!

Build Orders: 1 Gate Expand 

Get SALT Encoding   

  12  0:03  Probe  
  13  0:15  Probe  
  14  0:22  Pylon  
  14  0:27  Probe  
  15  0:40  Probe  
  15  0:41  Gateway  
  15  0:48  Probe  
  17  0:57  Probe  
  17  0:58  Assimilator  
  18  1:10  Probe  
  19  1:22  Probe  
  20  1:29  Cybernetics Core  
  20  1:34  Probe  
  21  1:44  Nexus  
  21  1:46  Probe  
  22  1:51  Pylon  
  22  1:58  Probe  
  23  2:02  Adept  
  23  2:10  Warp Gate, Probe  
  26  2:17  Assimilator  
  26  2:25  Forge  
  26  2:31  Probe  
  26  2:35  Adept  
  29  2:43  Probe  
  29  2:50  Pylon  
  29  2:55  Probe  
  29  2:57  Probe  
  31  2:59  Shield Battery  
  31  3:07  Probe  
  31  3:08  Photon Cannon  
  31  3:11  Probe  
  33  3:19  Probe  
  34  3:22  Gateway  
  34  3:38  Probe x2  
  36  3:50  Probe x2  
  38  3:58  Protoss Ground Armor Level 1  
  38  4:02  Probe x2  
  36  4:10  Twilight Council  
  36  4:13  Gateway  
  36  4:14  Gateway, Probe  
  37  4:18  Pylon  
  37  4:29  Stalker  
  37  4:30  Zealot  
  41  4:36  Probe x2, Charge  
  43  4:48  Probe  
  43  4:50  Sentry  
  43  4:51  Zealot  
  48  4:57  Probe  
  49  5:00  Probe  
  49  5:02  Assimilator  
  50  5:09  Probe  
  51  5:15  Zealot x2  
  51  5:16  Zealot x2  
  51  5:19  Probe  
  51  5:21  Probe  
  61  5:30  Pylon  
  61  5:31  Probe  
  61  5:32  Pylon  
  61  5:35  Pylon  
  62  5:48  Probe x2  
  64  5:52  Nexus  
  64  5:54  Zealot x4  
  72  6:00  Probe x2  
  72  6:03  Gateway  
  74  6:05  Gateway  
  74  6:07  Gateway  
  74  6:09  Gateway  
  74  6:15  Pylon  
  74  6:24  Assimilator  
  74  6:34  Pylon  
  74  6:48  Templar Archives  
  74  6:51  Zealot  
  74  6:52  Zealot x3  
  80  7:33  Stalker x4  
  88  7:57  Probe x2  
Tags
 
Add a new tag
Caveats
  • Supply blocks, unpowered buildings, or Contaminate may cause inaccurate times.
  • Supply counts are checked every 10 seconds.